 Dungeon Crawl Stone Soup version 0.20.0 (webtiles) character file.

4029 MatthieuS the Destroyer (level 10, 0/50 HPs)
             Began as a Deep Elf Conjurer on June 13, 2017.
             Was a Believer of Vehumet.
             Slain by a two-headed ogre
             ... wielding a +0 giant club
              (19 damage)
             ... on level 8 of the Dungeon.
             The game lasted 00:37:51 (9191 turns).

MatthieuS the Destroyer (Deep Elf Conjurer)         Turns: 9191, Time: 00:37:52

Health: 0/50       AC:  8    Str:  8    XL:     10   Next: 4%
Magic:  3/26       EV: 22    Int: 21    God:    Vehumet [**....]
Gold:   374        SH:  3    Dex: 15    Spells: 4/29 levels left

rFire    + . .     SeeInvis .   a - +3 dagger (speed)
rCold    . . .     Gourm    .   D - +0 buckler
rNeg     . . .     Faith    .   p - +2 robe {rF+}
rPois    .         Spirit   .   g - +0 helmet
rElec    .         Reflect  .   e - +1 cloak
rCorr    .         Harm     .   w - +0 pair of gloves
MR       +....                  (no boots)
Stlth    ++........             (no amulet)
Regen    0.2/turn               l - +6 ring of evasion
MPRegen  0.2/turn               u - ring of wizardry

@: about to teleport
A: no striking features
a: Renounce Religion


You were on level 8 of the Dungeon.
You worshipped Vehumet.
Vehumet was pleased with you.
You were very hungry.

You visited 2 branches of the dungeon, and saw 9 of its levels.

You collected 374 gold pieces.

Inventory:

Hand Weapons
 a - a +3 dagger of speed (weapon)
 j - a +1 spear of piercing
 o - a +0 whip of electrocution
Armour
 e - a +1 cloak (worn)
 g - a +0 helmet (worn)
 p - a +2 robe of fire resistance (worn)
 w - a +0 pair of gloves (worn)
 D - a +0 buckler (worn)
Jewellery
 l - a +6 ring of evasion (left hand)
 u - a ring of wizardry (right hand)
 v - an uncursed ring of see invisible
Wands
 s - a wand of random effects (19/48)
 y - a wand of random effects (16/48)
 E - a wand of scattershot (5/9)
Scrolls
 h - a scroll of fear {unknown}
 k - 4 scrolls of amnesia
 m - a scroll of recharging
 q - 2 scrolls of identify
 A - a scroll of remove curse
 G - a scroll of random uselessness {unknown}
 J - a scroll of holy word {unknown}
 K - a scroll of magic mapping {unknown}
 L - a scroll of fog {unknown}
 M - a scroll of enchant armour
Potions
 n - 3 potions of lignification
 r - a potion of brilliance
 x - 3 potions of heal wounds
 z - a potion of mutation {unknown}
 B - 3 potions of cancellation {unknown}
 C - a potion of resistance {unknown}
 F - a potion of curing
 N - 2 potions of agility {unknown}
Books
 b - a book of Conjurations

   Spells                             Type                      Level
   a - Magic Dart                     Conjuration                  1
   b - Searing Ray                    Conjuration                  2
   c - Dazzling Spray                 Conjuration/Hexes            3
   d - Fulminant Prism                Conjuration/Hexes            4
   e - Force Lance                    Conjuration/Translocation    4
   f - Iskenderun's Mystic Blast      Conjuration                  4
 t - the Catalogue of Mutagenic Talismans
   (You found it on level 5 of the Dungeon)

   Spells                             Type                      Level
   a - Shroud of Golubria             Charms/Translocation         2
   b - Regeneration                   Charms/Necromancy            3
   c - Spider Form                    Transmutation/Poison         3
   d - Excruciating Wounds            Charms/Necromancy            5
   e - Blade Hands                    Transmutation                5
 I - a book of Callings

   Spells                             Type                      Level
   a - Summon Small Mammal            Summoning                    1
   b - Call Imp                       Summoning                    2
   c - Call Canine Familiar           Summoning                    3
   d - Summon Guardian Golem          Hexes/Summoning              3
   e - Summon Lightning Spire         Summoning/Air                4
   f - Summon Ice Beast               Ice/Summoning                4
Comestibles
 c - 6 bread rations
 d - 5 meat rations
 f - 9 fruits


   Skills:
 + Level 6.9 Dodging
 - Level 2.4 Stealth
 + Level 10.2 Spellcasting
 + Level 10.6 Conjurations
 - Level 5.6 Charms
 + Level 2.5 Summonings
 - Level 4.4 Necromancy
 + Level 2.2 Air Magic


You had 4 spell levels left.
You knew the following spells:

 Your Spells              Type           Power        Failure   Level  Hunger
a - Magic Dart            Conj           ####         1%          1    None
b - Searing Ray           Conj           ######       1%          2    None
c - Dazzling Spray        Conj/Hex       ####..       1%          3    None
d - Fulminant Prism       Conj/Hex       ####......   4%          4    ##.....
e - Force Lance           Conj/Tloc      ####....     4%          4    ##.....
f - Iskenderun's Mystic   Conj           ######..     1%          4    ##.....
g - Regeneration          Chrm/Necr      ####......   1%          3    None
h - Summon Lightning Spi  Summ/Air       ###.....     16%         4    ##.....


Dungeon Overview and Level Annotations

Branches:
Dungeon (8/15)             Temple (1/1) D:4
   Lair: D:8-11

Altars:
Ashenzari
Cheibriados
Dithmenos
Elyvilon
Fedhas
Gozag
Hepliaklqana
Kikubaaqudgha
Makhleb
Nemelex Xobeh
Okawaru
Qazlal
Ru
Sif Muna
Trog
Uskayaw
Vehumet
Xom
Yredelemnul
Zin
The Shining One


Message History

The two-headed ogre is no longer blind.
Casting: Magic Dart
Confirm with . or Enter, or press ? or * to list all spells.
Aiming: Magic Dart
Press: ? - help, Shift-Dir - straight line, f/p - two-headed ogre
Aim: a two-headed ogre, wielding two giant clubs (heavily wounded, fast)
The magic dart hits the two-headed ogre.
The two-headed ogre is heavily wounded.
The two-headed ogre barely misses you. x2
The two-headed ogre closely misses you. The two-headed ogre misses you.
The two-headed ogre hits you with a giant club!
The two-headed ogre completely misses you.
The two-headed ogre hits you with a giant club!
The two-headed ogre misses you. The two-headed ogre misses you.
The two-headed ogre hits you with a giant club!
As you read the scroll of teleportation, it crumbles to dust.
You feel strangely unstable.
The two-headed ogre hits you with a giant club!!
You die...

##### #..
#...##############.#
#...>..........(...#
######...##############.#
#.......## ####.# #.#.....#
########....#
##.#.....#####..... ...###
######.^............######..#
#.............@O............#
#.####........###########...#
#.# ##.###))####### #...###
#.# #.# #........# #......
#.# #.# #.)#####.# #..####
#.# #.# #..# #.# #... #.# #.#
#..## #.# ##..# #.#
###.###...####.# #..# #.#
#.....##..#....# #..#


You could see a two-headed ogre.

Vanquished Creatures
  Pikel (D:4)
  The ghost of MatthieuS the Destroyer, a novice TeCj of Sif Muna (D:8)
  The ghost of TheOrbIsALie the Destroyer, a novice DsWz (D:5)
  Grinder (D:6)
  Sigmund (D:2)
  A wyvern (D:7)
  Eustachio (D:5)
  The ghost of MatthieuS the Conjurer, an amateur DECj (D:3)
  A sky beast (D:5)
  A black bear (D:8)
  An ice beast (D:6)
  An orc warrior (D:8)
  2 slaves (D:4)
  2 ogres
  A phantom (D:7)
  A centaur (D:6)
  Blork the orc (D:4)
  A bullfrog (D:7)
  5 scorpions
  2 crimson imps (D:6)
  A centaur zombie (D:6)
  A quasit (D:7)
  A jelly (D:5)
  A bullfrog skeleton (D:5)
  3 orc priests (D:4)
  9 orc wizards
  Crazy Yiuf (D:2)
  2 centaur skeletons
  2 iguanas
  Natasha (D:2)
  7 worker ants
  3 hound zombies
  A hound skeleton (D:5)
  A howler monkey zombie (D:8)
  5 adders
  An adder zombie (D:5)
  An adder skeleton (D:6)
  A worm (D:3)
  A dart slug (D:1)
  A leopard gecko (D:7)
  33 orcs
  7 giant cockroaches
  9 goblins
  8 hobgoblins
  4 jackals (D:1)
  5 kobolds
  A quokka (D:6)
  A ball python (D:2)
  7 bats
  5 frilled lizards
  A jackal zombie (D:6)
  A leopard gecko skeleton (D:7)
  2 quokka zombies
  6 rats
  4 fulminant prisms
165 creatures vanquished.

Vanquished Creatures (others)
  An adder skeleton (D:4)
  31 fulminant prisms
32 creatures vanquished.

Grand Total: 197 creatures vanquished

Notes
Turn   | Place    | Note
-------+----------+-------------------------------------------
     0 | D:1      | MatthieuS the Deep Elf Conjurer began the quest for the Orb.
     0 | D:1      | Reached XP level 1. HP: 10/10 MP: 6/6
   385 | D:1      | Reached XP level 2. HP: 15/15 MP: 3/8
   942 | D:1      | Reached XP level 3. HP: 19/19 MP: 5/10
  1285 | D:2      | Learned a level 2 spell: Searing Ray
  1289 | D:2      | Learned a level 3 spell: Dazzling Spray
  1566 | D:2      | Noticed Natasha
  1574 | D:2      | Killed Natasha
  1574 | D:2      | Reached skill level 5 in Spellcasting
  1574 | D:2      | Reached skill level 5 in Conjurations
  1574 | D:2      | Reached XP level 4. HP: 7/24 MP: 3/13
  1934 | D:2      | Found a runed door.
  1940 | D:2      | Learned a level 4 spell: Fulminant Prism
  2072 | D:2      | Noticed Sigmund
  2117 | D:2      | Killed Sigmund
  2117 | D:2      | Reached XP level 5. HP: 9/28 MP: 7/15
  2463 | D:2      | Noticed Crazy Yiuf
  2469 | D:2      | Killed Crazy Yiuf
  2469 | D:2      | Reached XP level 6. HP: 32/32 MP: 6/17
  2834 | D:3      | Noticed MatthieuS's ghost (amateur DECj)
  2842 | D:3      | Killed MatthieuS's ghost
  3456 | D:3      | You fall through a shaft!
  3456 | D:4      | Found a staircase to the Ecumenical Temple.
  3469 | Temple   | Entered the Ecumenical Temple
  3559 | Temple   | Became a worshipper of Vehumet
  3594 | D:4      | Noticed Blork the orc
  3602 | D:4      | Killed Blork the orc
  3780 | D:4      | Noticed a slave
  3782 | D:4      | Noticed a slave
  3783 | D:4      | Noticed Pikel
  3785 | D:4      | Noticed a slave
  3785 | D:4      | Noticed a slave
  3794 | D:4      | Killed a slave
  3794 | D:4      | Killed a slave
  3798 | D:4      | Killed Pikel
  3798 | D:4      | Reached skill level 5 in Dodging
  3798 | D:4      | Reached XP level 7. HP: 21/36 MP: 2/19
  3923 | D:4      | Learned a level 4 spell: Force Lance
  3928 | D:4      | Learned a level 4 spell: Iskenderun's Mystic Blast
  4032 | D:4      | Reached XP level 8. HP: 41/41 MP: 6/21
  4701 | D:5      | Entered Level 5 of the Dungeon
  4701 | D:5      | Noticed TheOrbIsALie's ghost (novice DsWz)
  4738 | D:5      | Killed TheOrbIsALie's ghost
  5007 | D:5      | Identified the Catalogue of Mutagenic Talismans
  5013 | D:5      | Learned a level 3 spell: Regeneration
  5257 | D:5      | Reached skill level 1 in Charms
  5381 | D:5      | Reached skill level 1 in Necromancy
  5487 | D:5      | Found a sacrificial altar of Ru.
  5489 | D:5      | Found a blossoming altar of Fedhas.
  5489 | D:5      | Found a hazy altar of Hepliaklqana.
  5489 | D:5      | Found a bloodstained altar of Trog.
  5490 | D:5      | Found a burning altar of Makhleb.
  5536 | D:5      | Noticed Eustachio
  5547 | D:5      | Killed Eustachio
  5679 | D:5      | Reached * piety under Vehumet
  5679 | D:5      | Offered knowledge of Shock by Vehumet.
  6115 | D:6      | Reached XP level 9. HP: 45/45 MP: 12/23
  6856 | D:6      | Noticed Grinder
  6870 | D:6      | Killed Grinder
  6870 | D:6      | Reached skill level 10 in Conjurations
  6870 | D:6      | Reached skill level 5 in Charms
  7390 | D:7      | Found a stormy altar of Qazlal.
  7400 | D:7      | Learned a level 4 spell: Summon Lightning Spire
  7410 | D:7      | Offered knowledge of Sandblast by Vehumet.
  7421 | D:7      | Reached ** piety under Vehumet
  7786 | D:7      | Reached skill level 1 in Summonings
  8005 | D:8      | Reached skill level 1 in Air Magic
  8287 | D:8      | Noticed a two-headed ogre
  8570 | D:8      | Reached skill level 10 in Spellcasting
  8648 | D:8      | Noticed a two-headed ogre
  8719 | D:8      | Noticed MatthieuS's ghost (novice TeCj)
  8850 | D:8      | Killed MatthieuS's ghost
  8850 | D:8      | Reached XP level 10. HP: 50/50 MP: 14/26
  9191 | D:8      | Slain by a two-headed ogre

Skill      XL: |  1  2  3  4  5  6  7  8  9 |
---------------+----------------------------+-----
Spellcasting   | 4 5 6 7 8 10 | 10.2
Conjurations   | 5 6 8 9 10 | 10.6
Dodging        | 3 5 6 |  6.9
Charms         | 3 5 |  5.6
Necromancy     | 2 4 |  4.4
Summonings     | 2 |  2.5
Air Magic      | 2 |  2.2
Stealth        | |  2.4

Action                   |  1- 3 |  4- 6 |  7- 9 | 10-12 || total
-------------------------+-------+-------+-------+-------++-------
Melee: Spear             |       |     1 |       |       ||     1
       Dagger            |       |     1 |    25 |       ||    26
 Cast: Magic Dart        |    80 |    63 |   291 |    18 ||   452
       Searing Ray       |       |     7 |     5 |       ||    12
       Dazzling Spray    |       |     4 |    13 |     2 ||    19
       Fulminant Prism   |       |     3 |    27 |     5 ||    35
       Iskenderun's Myst |       |       |     4 |       ||     4
       Force Lance       |       |       |     9 |     3 ||    12
       Regeneration      |       |       |     1 |       ||     1
Evoke: Wand              |       |       |     3 |     1 ||     4
  Use: Potion            |       |     2 |     3 |       ||     5
       Scroll            |       |     8 |     3 |     1 ||    12
  Eat: Chunk             |     2 |     7 |     9 |       ||    18
       Bread ration      |       |       |     2 |       ||     2
Armor: Robe              |     3 |     4 |    27 |       ||    34
       Skin              |       |     8 |       |       ||     8
Dodge: Dodged            |    17 |    30 |   133 |    10 ||   190
Block: Buckler           |       |       |    18 |       ||    18
